 Dungeon Crawl Stone Soup version 0.28.0-43-g3370ac3207 (webtiles) character file.

Game seed: 7436469755078278742

73 adizb the Ruffian (level 3, -1/28 HPs)
             Began as a Demigod Transmuter on Mar 4, 2022.
             Slain by a scorpion (5 damage)
             ... on level 2 of the Dungeon.
             The game lasted 00:14:05 (2073 turns).

adizb the Ruffian (Demigod Transmuter)              Turns: 2073, Time: 00:14:05

Health: -1/28      AC:  9    Str: 15    XL:     3   Next: 83%
Magic:  8/9        EV: 11    Int: 15    God:
Gold:   77         SH:  0    Dex: 14    Spells: 4/7 levels left

rFire   . . .      SeeInvis +     - Unarmed
rCold   . . .      Faith    .   (no shield)
rNeg    . . .      Spirit   .   o - +0 ring mail
rPois   .          Reflect  .   (helmet currently unavailable)
rElec   .          Harm     .   (no cloak)
rCorr   .          Rampage  .   (no gloves)
Will    .....                   (boots currently unavailable)
Stlth   +.........              (no amulet)
HPRegen 0.09/turn               g - ring of see invisible
MPRegen 0.11/turn               n - +4 ring of protection

@: lethally poisoned (-1 -> -5), appendages
A: horns 2, talons 2, high MP 1, forlorn, divine attributes
a: End Transformation


You were on level 2 of the Dungeon.
You had temporarily grown beastly horns and talons.
You visited 1 branch of the dungeon, and saw 4 of its levels.

You collected 77 gold pieces.

Inventory:

Missiles
 f - 3 boomerangs of dispersal
Armour
 a - a +0 robe
 o - a +0 ring mail (worn)
Magical Staves
 l - a staff of fire
Jewellery
 g - a ring of see invisible (left hand)
 n - a +4 ring of protection (right hand)
Wands
 c - a wand of flame (10)
Scrolls
 b - a scroll of silence
 k - a scroll of enchant weapon {unknown}
 m - a scroll of magic mapping {unknown}
 p - a scroll of teleportation {unknown}
Potions
 d - a potion of brilliance
 e - a potion of cancellation
 h - a potion of heal wounds {unknown}
 i - a potion of resistance {unknown}
 j - a potion of haste {unknown}
 q - a potion of mutation {unknown}


   Skills:
 + Level 1.5 Fighting
 - Level 1.7 Dodging
 + Level 3.1 Unarmed Combat
 * Level 2.5 Spellcasting
 * Level 2.6 Transmutations


You had 4 spell levels left.
You knew the following spells:

 Your Spells              Type           Power      Damage    Failure   Level
a - Beastly Appendage     Tmut           18%        N/A       14%         1
b - Wereblood             Tmut           9%         N/A       22%         2

Your spell library contained the following spells:

 Spells                   Type           Power      Damage    Failure   Level
 Spider Form              Tmut/Pois      5%         N/A       58%         3
 Tukima's Dance           Hex            1%         N/A       77%         3
 Ice Form                 Ice/Tmut       5%         N/A       94%         4
 Anguish                  Hex/Necr       0%         N/A       99%         4
 Summon Ice Beast         Ice/Summ       1%         N/A       99%         4
 Summon Mana Viper        Hex/Summ       1%         N/A       100%        5
 Enfeeble                 Hex            0%         N/A       100%        7
 Monstrous Menagerie      Summ           0%         N/A       100%        7


Dungeon Overview and Level Annotations

Branches:
Dungeon (4/15)
 Temple: D:4-7

Shops:
D:4 !


Innate Abilities, Weirdness & Mutations

You have temporarily grown beastly horns and talons.
You have an increased reservoir of magic. (+10% MP)
You shall have no god before yourself.
Your divine heritage dramatically boosts your attributes as you level up.


Message History

You open the door. As you open the door, it creaks loudly!
Found a stone staircase leading down.
There is an open door here.
There is a stone staircase leading down here.
Found a stone staircase leading up.
Casting: Beastly Appendage (safe; 14% risk of failure)
Press: ? - help, Q - select action, (/) - cycle Dir - look around, f - activate You grow a pair of large bovine horns.
Your feet morph into talons.
You hit the scorpion but do no damage. You claw the scorpion.
The scorpion is moderately wounded.
The scorpion stings you!
You are poisoned.
The scorpion poisons you!
You closely miss the scorpion. You claw the scorpion.
The scorpion is heavily wounded.
You feel very sick. The scorpion stings you.
Okay, then.
You hit the scorpion but do no damage. You claw the scorpion.
The scorpion is severely wounded.
You feel sick. The scorpion stings you.
* * * LOW HITPOINT WARNING * * *
The scorpion misses you.
You hit the scorpion. You claw the scorpion. Your headbutt misses the scorpion.
The scorpion is almost dead.
* * * LOW HITPOINT WARNING * * *
You feel sick. The scorpion misses you.
Okay, then.
Okay, then.
You hit the scorpion but do no damage.
You claw the scorpion, but do no damage.
The scorpion is almost dead.
* * * LOW HITPOINT WARNING * * *
You feel sick. The scorpion closely misses you.
You hit the scorpion.
The scorpion is almost dead.
* * * LOW HITPOINT WARNING * * *
You feel sick. The scorpion stings you.
You die...

.################................
...... #.....'.....)..........
..#### #.#####................
..# #.......[......#' ..#
#......<.......#. ..#
#..............#. ..#
#..............#† ..#
#.#####....########+##' ###
#.....@....# ........
###...s................
#<...................
#....................
#...........#####'##+
...................
###.:........^......
#............... ...............


You could see a scorpion.

Vanquished Creatures
  A hound skeleton (D:4)
  A gnoll (D:1)
  An adder skeleton (D:4)
  4 dart slugs
  5 ball pythons (D:1)
  4 endoplasms
  3 giant cockroaches
  3 goblins
  3 hobgoblins
  3 jackals (D:2)
  2 kobolds
  2 quokkas
  2 bats (D:1)
  A frilled lizard (D:2)
  A rat (D:1)
36 creatures vanquished.

Notes
Turn   | Place    | Note
-------+----------+-------------------------------------------
     0 | D:1      | adizb the Demigod Transmuter began the quest for the Orb.
     0 | D:1      | Reached XP level 1. HP: 15/15 MP: 5/5
    89 | D:1      | Reached skill level 1 in Fighting
   449 | D:1      | Reached XP level 2. HP: 15/23 MP: 4/7
  1108 | D:1      | Reached XP level 3. HP: 18/28 MP: 9/9
  1128 | D:1      | Learned a level 2 spell: Wereblood
  1221 | D:2      | You fall into a shaft and drop 2 floors!
  1236 | D:4      | Found Tuissyasia's Distillery.
  1278 | D:4      | Reached skill level 3 in Unarmed Combat
  1489 | D:2      | Noticed a scorpion
  2073 | D:2      | Slain by a scorpion

Illustrated notes

Levels and vault maps discovered:
D:1:      psy_arrival_whirlpool, layout_loops_ring,
          chequers_ecumenical_altar_lobes, st_stairs_1,
          hangedman_decor_clover_reticule
D:2:      layout_basic
D:3:      layout_basic, nicolae_tso_carved_into_rock, minmay_misc_feat_x,
          hangedman_decor_lopped, chequers_decorated_corner, uniq_grinder
D:4:      layout_cave_pools, serial_shops, shop, grunt_ministairs_3

Skill      XL: |  1  2  3 |
---------------+----------+-----
Fighting       | 1 |  1.5
Transmutations | 2 |  2.6
Spellcasting   | 2 |  2.5
Unarmed Combat | 3 |  3.1
Dodging        | |  1.7

Action                   || total
-------------------------++-------
Melee: Unarmed           ||   116
       Kick              ||    32
       Headbutt          ||    18
       Punch             ||     2
 Cast: Beastly Appendage ||    28
  Use: Potion            ||     3
       Scroll            ||     1
 Stab: Sleeping          ||     2
Armor: Robe              ||    12
       Ring mail         ||     3
Dodge: Dodged            ||    87
